 Dungeon Crawl Stone Soup version 0.32-a0-953-g508020473e (webtiles) character file.

Game seed: 12589197171891146820

178227 Autsider the Fighter (level 18, 0/99 HPs)
             Began as a Vine Stalker Warper on Apr 16, 2024.
             Was the Champion of Okawaru.
             Constricted to death by a nagaraja (2 damage)
             ... on level 4 of the Snake Pit.
             The game lasted 01:46:11 (24472 turns).

Autsider the Fighter (Vine Stalker Warper)         Turns: 24472, Time: 01:46:11

Health: 0/99       AC: 24    Str: 29    XL:     18   Next: 19%
Magic:  0/31       EV:  9    Int: 13    God:    Okawaru [******]
Gold:   3136       SH: 22    Dex: 24    Spells: 19/33 levels left

rFire   + + .        a - +10 lance "Wyrmbane" {slay drac, rPois rF+ rC+ AC+3}
rCold   + + .        E - +2 tower shield {AC+3}
rNeg    . . .        O - +5 scale mail of Valour {+Inv Str+4 SInv}
rPois   +            g - +1 helmet
rElec   +            n - scarf {rC+ rF+}
rCorr   .            C - +0 pair of gloves
SInv    +            v - +2 pair of boots "Four" {Fly Will+}
Will    +++..        m - amulet of the acrobat
Stlth   ++           V - ring of Wothru Asexou {Wiz Str+3 Dex+3 Slay+3}
HPRegen 1.16/turn    S - ring "Puaniz" {rElec EV+5 Str+4 Dex+3}
MPRegen 0.22/turn

%: acrobat, guardian spirit, wizardry (x1)
@: about to teleport, fugue, flying, slowed, constricted, very slow
A: fangs 3, regeneration 1, magic shield, antimagic bite, no potion heal 2
a: Renounce Religion, Evoke Invisibility, Heroism, Finesse, Duel


You were on level 4 of the Snake Pit.
You worshipped Okawaru.
Okawaru was exalted by your worship.
You visited 5 branches of the dungeon, and saw 27 of its levels.
You also visited: Trove and Ice Cave.

You collected 3442 gold pieces.
You spent 306 gold pieces at shops.

Inventory:

Hand Weapons
 a - the +10 lance "Wyrmbane" (weapon) {slay drac, rPois rF+ rC+ AC+3}
   (You took it off Maggie on level 9 of the Dungeon)

   AC+3:      It affects your AC (+3).
   rF+:       It protects you from fire.
   rC+:       It protects you from cold.
   rPois:     It protects you from poison.
Missiles
 d - 10 darts of dispersal
 h - a throwing net
 y - 17 datura-tipped darts
 I - 4 curare-tipped darts
 U - 6 atropa-tipped darts
 X - 13 silver javelins
Armour
 e - a +1 kite shield of fire resistance
 g - a +1 helmet (worn)
 n - a scarf of resistance (worn)
 v - the +2 pair of boots "Four" (worn) {Fly Will+}
   (Okawaru gifted it to you on level 1 of the Lair of Beasts)

   Will+:     It increases your willpower.
   Fly:       It grants you flight.
 C - a +0 pair of gloves (worn)
 E - a +2 tower shield of protection (worn)
 O - the +5 scale mail of Valour (worn) {+Inv Str+4 SInv}
   (You found it on level 15 of the Dungeon)

   Str+4:     It affects your strength (+4).
   SInv:      It lets you see invisible.
   +Inv:      It lets you turn invisible.
Jewellery
 m - an amulet of the acrobat (around neck)
 B - a ring of protection from fire
 H - the ring "Hoiti" {*Corrode rF+ Str+6 Dex+3 SInv}
   (You found it in an ice cave)

   [ring of strength]

   Str+6:     It affects your strength (+6).
   Dex+3:     It affects your dexterity (+3).
   rF+:       It protects you from fire.
   SInv:      It lets you see invisible.
   *Corrode:  It may corrode you when you take damage.
 J - an amulet of regeneration
 M - the ring "Xithurabb" {rC+ rN+ rCorr}
   (You found it in a treasure trove)

   [ring of protection from cold]

   rC+:       It protects you from cold.
   rN+:       It protects you from negative energy.
   rCorr:     It protects you from acid and corrosion.
 S - the ring "Puaniz" (right hand) {rElec EV+5 Str+4 Dex+3}
   (You found it in a treasure trove)

   [ring of evasion]

   EV+5:      It affects your evasion (+5).
   Str+4:     It affects your strength (+4).
   Dex+3:     It affects your dexterity (+3).
   rElec:     It insulates you from electricity.
 T - a ring of willpower
 V - the ring of Wothru Asexou (left hand) {Wiz Str+3 Dex+3 Slay+3}
   (You found it in a treasure trove)

   [ring of wizardry]

   Wiz:       It improves your spell success rate.
   Str+3:     It affects your strength (+3).
   Dex+3:     It affects your dexterity (+3).
   Slay+3:    It affects your accuracy & damage with ranged weapons and melee
   (+3).
 W - a ring of resist corrosion
 Y - a ring of see invisible
Wands
 i - a wand of warping (11)
 k - a wand of quicksilver (2)
 P - a wand of flame (60)
Scrolls
 b - 5 scrolls of identify {@r1}
 c - 2 scrolls of blinking
 f - 3 scrolls of fog
 o - a scroll of enchant weapon
 p - 2 scrolls of revelation
 s - a scroll of brand weapon
 t - 4 scrolls of fear
 u - 11 scrolls of teleportation {@r2}
 F - 3 scrolls of poison
 G - 4 scrolls of immolation
 N - 3 scrolls of amnesia
 Q - 2 scrolls of enchant armour
Potions
 j - 4 potions of brilliance
 l - 2 potions of cancellation
 q - 5 potions of enlightenment
 r - 5 potions of haste
 w - 3 potions of invisibility
 x - 2 potions of lignification
 z - 2 potions of ambrosia
 A - 10 potions of curing {@q1}
 D - 3 potions of might
 L - 2 potions of resistance


   Skills:
 + Level 12.9 Fighting
 - Level 7.4 Short Blades
 - Level 12.0 Polearms
 - Level 0.8 Throwing
 - Level 4.0 Armour
 - Level 8.0 Dodging
 - Level 4.0 Stealth
 + Level 12.3 Shields
 - Level 8.0 Spellcasting
 + Level 8.9 Necromancy
 - Level 6.0 Translocations
 - Level 4.0 Air Magic
 + Level 11.6 Invocations
 + Level 8.2 Shapeshifting


You had 19 spell levels left.
You knew the following spells:

 Your Spells              Type           Power      Damage    Failure   Level
a - Maxwell's Portable P  Tloc           20%        2d(7-19)  8%          3
b - Vhi's Electric Charg  Tloc/Air       36%        N/A       32%         4
c - Lesser Beckoning      Tloc           40%        N/A       3%          2
w - Fugue of the Fallen   Necr           28%        N/A       2%          3
z - Blink                 Tloc           40%        N/A       3%          2

Your spell library contained the following spells:

 Spells                   Type           Power      Damage    Failure   Level
 Necrotise                Necr           100%       1d9       1%          1
 Vampiric Draining        Necr           28%        2d8       2%          3
 Teleport Other           Tloc           20%        N/A       8%          3
 Mercury Vapours          Alch/Air       20%        N/A       19%         2
 Curse of Agony           Necr           28%        N/A       21%         5
 Ensorcelled Hibernation  Hex/Ice        10%        N/A       38%         2
 Jinxbite                 Hex            10%        N/A       38%         2
 Anguish                  Hex/Necr       8%         N/A       41%         4
 Mephitic Cloud           Conj/Alch/Air  8%         N/A       43%         3
 Dimensional Bullseye     Hex/Tloc       6%         N/A       58%         4
 Iskenderun's Mystic Bla Conj/Tloc 13%            2d5        (+2d2     58%         4
 Inner Flame              Hex/Fire       5%         N/A       61%         3
 Borgnjor's Vile Clutch   Necr/Erth      8%         N/A       75%         5
 Brom's Barrelling Bould  Conj/Erth      5%         2d3       93%         4
 Arcjolt                  Conj/Air       5%         1d15      96%         5
 Dispersal                Tloc           10%        N/A       97%         6
 Gell's Gavotte           Tloc           10%        2d(16-23) 97%         6
 Freezing Cloud           Conj/Ice/Air   4%         6-21      98%         5
 Fireball                 Conj/Fire      2%         3d4       99%         5
 Irradiate                Conj/Alch      2%         3d12      99%         5
 Iskenderun's Battlesphe  Conj           5%         2d6       99%         5
 Yara's Violent Unravell  Hex/Alch       2%         3d3       99%         5
 Conjure Ball Lightning   Conj/Air       5%         3x3d6     100%        6
 Plasma Beam              Fire/Air       5%         2x1d15    100%        6
 Enfeeble                 Hex            2%         N/A       100%        7
 Magnavolt                Erth/Air       5%         3d10      100%        7
 Orb of Destruction       Conj           2%         9d5       100%        7
 Ignition                 Fire           2%         3d3       100%        8
 Lehudib's Crystal Spear  Conj/Erth      2%         10d2      100%        8
 Summon Small Mammal      Summ           Unusable   N/A       N/A         1
 Martyr's Knell           Necr/Summ      Unusable   N/A       N/A         4
 Tukima's Dance           Hex            Unusable   N/A       N/A         3
 Animate Armour           Summ/Erth      Unusable   N/A       N/A         4
 Summon Horrible Things   Summ           Unusable   N/A       N/A         8

Dungeon Overview and Level Annotations

Branches:
Dungeon (15/15)            Temple (1/1) D:4            Lair (5/5) D:9
  Swamp (0/4) Lair:3        Snake (4/4) Lair:2        Slime (0/5) Lair:5
    Orc (2/2) D:12            Elf (0/3) Orc:2        Vaults (0/5) D:13
 Depths (0/4) D:15          IceCv (visited)

Altars:
Ashenzari
Cheibriados
Dithmenos
Elyvilon
Fedhas
Gozag
Hepliaklqana
Kikubaaqudgha
Makhleb
Nemelex Xobeh
Okawaru
Qazlal
Ru
Sif Muna
Trog
Uskayaw
Vehumet
Wu Jian
Xom
Yredelemnul
Zin
The Shining One
Jiyva

Shops:
D:7 *   Orc:2 =(?   Snake:2 :(   Snake:4 (

Annotations:
Snake:2 2 runed translucent doors, Autsider's ghost, adept MiFi


Innate Abilities, Weirdness & Mutations

You have razor-sharp teeth.
Your natural rate of healing is unusually fast.
When hurt, damage is shared between your health and your magic reserves.
Your bite disrupts and absorbs the magic of your enemies.
Potions cannot restore your health.


Message History

You hit the nagaraja. You bite the nagaraja.
The nagaraja's magic leaks into the air.
You drain its magic.
You feel invigorated.
The nagaraja is moderately wounded.
* * * LOW HITPOINT WARNING * * *
You feel very sick.
You block the naga mage's attack. x2; You block the nagaraja's attack. x2
The naga mage spits poison at you. The splash of poison misses you.
Aiming: Duel (7% risk of failure)
Press: ? - help, Dir - move target, f - naga mage
Aim: a naga mage, wielding a +0 spear and wearing a +0 robe (fast, catching its breath)
The naga mage is not worthy to be dueled!
Your system rejects the healing.
You feel better. The naga mage misses you. You block the naga mage's attack.
You block the nagaraja's attack. The nagaraja grabs you.
The nagaraja constricts you.
* * * LOW HITPOINT WARNING * * *
The naga mage spits poison at you. You block the splash of poison.
The nagaraja hits you but does no damage.
The nagaraja constricts you.
* * * LOW HITPOINT WARNING * * *
As you read the scroll of teleportation {@r2}, it crumbles to dust.
You feel strangely unstable. You block the naga mage's attack.
The naga mage hits you with a +0 spear.
* * * LOW HITPOINT WARNING * * *
The nagaraja hits you with a +0 whip!
* * * LOW HITPOINT WARNING * * *
The nagaraja constricts you.
As you read the scroll of fear, it crumbles to dust.
You assume a fearsome visage.
The naga mage resists with some effort.
The nagaraja easily resists.
The wailing of tortured souls fills the air!
The naga mage spits poison at you. The splash of poison hits you. You resist.
* * * LOW HITPOINT WARNING * * *
The nagaraja hits you with a +0 whip!
* * * LOW HITPOINT WARNING * * *
The nagaraja constricts you.
You die...

.#....)...# ##
.#....).).### ###### #
.#....###.).####..).##
# ......#
###)##...##..# #
..##### #)))...[...# #
.## #######))### # .#
##.)..## .###
##.NN...## ...#
##).@##...## ...#
##..)####...## ...#
##...## ##...## #.##
##...## ...##...# ).#
##..).#..... #)...#
..# #...........
......# ..#
#.....#........#N....#
..# #...#..##......#
..#...# .## #...##...
#....# ..##...


You could see a nagaraja (curare, magic disrupted) and a naga mage (fast,
catching breath).

Vanquished Creatures
  Kirke (D:13)
  9 nagarajas
  An orc warlord (Orc:2)
  Nessos (D:13)
  Azrael (D:13)
  A minotaur (D:14)
  Josephine (D:15)
  Erolcha (D:9)
  Fannar (Lair:1)
  2 rakshasas (D:15)
  5 vault guards (D:13)
  2 centaur warriors
  An ice dragon (D:15)
  6 hydras
  4 catoblepae
  An ogre mage (D:13)
  2 boulder beetles
  16 anacondas
  3 tengu warriors
  3 death yaks (Lair:3)
  Urug (Lair:4)
  12 naga warriors
  Nergalle (Lair:1)
  Sonja (D:13)
  2 deep elf knights (D:13)
  16 naga sharpshooters
  9 shock serpents
  4 skysharks
  A goliath frog (Lair:5)
  2 salamander mystics (Snake:4)
  Lodul (D:13)
  Amaemon (Lair:1)
  5 skeletal warriors (D:13)
  3 sea snakes
  9 mana vipers
  A bog body (Lair:3)
  3 spectral anacondas (Snake:3)
  An arcanist (D:13)
  5 naga ritualists
  2 anaconda skeletons (Snake:3)
  3 deep elf pyromancers
  A necromancer (D:15)
  3 orc knights
  An obsidian bat (Orc:2)
  4 ugly things
  7 orc sorcerers
  4 cyclopes
  2 manticores (D:15)
  11 elephants
  11 salamanders
  5 kobold blastminers
  A centaur zombie (D:15)
  14 guardian serpents
  15 naga magi
  29 black mambas
  2 gargoyles (D:13)
  An orange demon (Lair:1)
  Maggie (D:9)
  A torpor snail (Lair:3)
  A spectral sea snake (Snake:3)
  2 centaur skeletons (D:15)
  An unseen horror (D:10)
  2 rime drakes (Lair:3)
  A freezing wraith (IceCv)
  13 cane toads
  10 komodo dragons
  A sea snake skeleton (Snake:3)
  2 tengu conjurers
  2 anaconda simulacra (Snake:3)
  Psyche (D:8)
  5 trolls
  A polar bear (Lair:5)
  A hornet (D:10)
  A spectral guardian serpent (Snake:3)
  2 tyrant leeches (Lair:5)
  28 blink frogs
  5 dream sheep (Lair:5)
  Prince Ribbit (Lair:3)
  9 spriggans (Lair:1)
  5 slime creatures
  A centaur simulacrum (D:14)
  5 shadows
  A human (D:13)
  8 wraiths
  56 yaks
  3 wyverns
  4 fire bats (D:8)
  3 basilisks
  6 fire elementals
  Eustachio (D:4)
  5 vampire mosquitoes (Lair:5)
  4 wargs
  2 sea snake simulacra (Snake:3)
  11 steam dragons
  A death yak simulacrum (IceCv)
  2 hogs (D:13)
  2 acid dragons
  54 nagas
  A harpy simulacrum (IceCv)
  3 hell hounds (D:13)
  34 water moccasins
  45 orc warriors
  2 ice beasts
  A sky beast (D:7)
  4 black bears
  2 laughing skulls (D:15)
  10 ogres
  16 centaurs
  8 wolves
  3 phantoms
  A kobold brigand (D:8)
  17 bullfrogs
  3 gnoll sergeants
  A cane toad simulacrum (IceCv)
  5 spectral nagas (Snake:3)
  4 electric eels
  3 howler monkeys (D:8)
  A lava snake (Lair:3)
  4 hounds (D:9)
  13 orc priests
  16 jellies
  3 iguanas
  2 sleepcaps
  20 orc wizards
  Natasha (D:4)
  A scorpion zombie (D:4)
  A wolf simulacrum (IceCv)
  3 naga skeletons (Snake:3)
  A hound zombie (D:4)
  A hound skeleton (D:4)
  12 gnolls
  6 adders
  3 naga simulacra (Snake:3)
  14 white imps
  An adder skeleton (D:4)
  2 adder zombies (D:4)
  3 ribbon worms
  2 dart slugs
  69 orcs
  6 ball pythons
  5 endoplasms
  6 giant cockroaches
  7 goblins
  4 hobgoblins
  4 jackals (D:4)
  12 kobolds
  5 quokkas
  10 bats
  3 frilled lizards
  9 rats
934 creatures vanquished.

Vanquished Creatures (others)
  A wyvern (D:7)
  A centaur (Orc:2)
  A bullfrog (D:7)
  2 orc wizards
  2 orcs (Orc:1)
7 creatures vanquished.

Grand Total: 941 creatures vanquished

Notes
Turn   | Place    | Note
-------+----------+-------------------------------------------
     0 | D:1      | Autsider the Vine Stalker Warper began the quest for the
                  | Orb.
     0 | D:1      | Reached XP level 1. HP: 11/11 MP: 4/4
    88 | D:1      | Reached XP level 2. HP: 15/15 MP: 6/6
    99 | D:1      | Reached skill level 1 in Stealth
   695 | D:2      | Reached XP level 3. HP: 6/18 MP: 8/8
   970 | D:2      | Identified the +8 short sword of the Hungering Gods {flame,
                  | rF++ rN+}
  1111 | D:2      | Reached XP level 4. HP: 23/23 MP: 9/9
  1482 | D:3      | Reached XP level 5. HP: 24/25 MP: 8/10
  1549 | D:3      | Identified the +8 spear of Extinguishment {pain, ^Contam
                  | +Blink Int+5 Stlth+}
  1787 | D:4      | Noticed a phantom
  1794 | D:4      | Killed a phantom
  1795 | D:4      | Reached XP level 6. HP: 32/32 MP: 10/12
  1802 | D:4      | Found a staircase to the Ecumenical Temple.
  1811 | Temple   | Entered the Ecumenical Temple
  1819 | Temple   | Became a worshipper of Warmaster Okawaru
  1906 | D:4      | Learned a level 2 spell: Blink
  1909 | D:4      | Learned a level 2 spell: Lesser Beckoning
  1914 | D:4      | Learned a level 4 spell: Vhi's Electric Charge
  1914 | D:4      | Found a glowing golden altar of the Shining One.
  1937 | D:4      | Noticed Eustachio
  1974 | D:4      | Killed Eustachio
  1975 | D:4      | Reached XP level 7. HP: 36/36 MP: 12/14
  2004 | D:4      | Reached skill level 1 in Air Magic
  2264 | D:4      | Noticed Natasha
  2274 | D:4      | Killed Natasha
  2292 | D:4      | Identified the +5 dagger "Lacuke Odghu" {pain, Str+5}
  2323 | D:5      | Entered Level 5 of the Dungeon
  2370 | D:5      | Found a sparkling altar of Nemelex Xobeh.
  2608 | D:5      | Found a burning altar of Makhleb.
  2673 | D:5      | Found an opulent altar of Gozag.
  2835 | D:5      | Found a basalt altar of Yredelemnul.
  2894 | D:5      | Reached * piety under Okawaru
  3117 | D:6      | Found a bloodstained altar of Trog.
  3122 | D:6      | Found a broken altar of Ashenzari.
  3139 | D:6      | Found a blossoming altar of Fedhas.
  3252 | D:6      | Reached skill level 1 in Invocations
  3252 | D:6      | Gained mutation: You have razor-sharp teeth. [Vine Stalker
                  | growth]
  3252 | D:6      | Reached XP level 8. HP: 23/42 MP: 7/16
  3413 | D:6      | Reached skill level 5 in Spellcasting
  3604 | D:6      | Reached ** piety under Okawaru
  3640 | D:6      | Found a shadowy altar of Dithmenos.
  3941 | D:7      | Found Hoir's Lightly-Used Armoury.
  3955 | D:7      | Noticed a wyvern
  3956 | D:7      | Found a shimmering altar of Xom.
  3962 | D:7      | Killed a wyvern
  3967 | D:7      | Reached skill level 5 in Fighting
  3967 | D:7      | Reached skill level 5 in Short Blades
  3967 | D:7      | Reached XP level 9. HP: 39/47 MP: 13/17
  4613 | D:8      | Reached *** piety under Okawaru
  4754 | D:8      | Noticed Psyche
  5020 | D:8      | Killed Psyche
  5021 | D:8      | Reached skill level 5 in Invocations
  5044 | D:8      | Found a transporter.
  5093 | D:8      | Found a transporter.
  5424 | D:9      | Found an ancient bone altar of Kikubaaqudgha.
  5448 | D:9      | Noticed Maggie
  5466 | D:9      | Noticed a troll
  5467 | D:9      | Noticed Erolcha
  5512 | D:9      | Reached **** piety under Okawaru
  5513 | D:9      | Reached XP level 10. HP: 51/53 MP: 16/18
  5903 | D:9      | Identified the +1 ring mail "Zetiur" {Dex+5}
  6126 | D:9      | Killed Maggie
  6424 | D:7      | Found a shimmering blue altar of Sif Muna.
  6744 | D:9      | Found a staircase to the Lair.
  6821 | D:9      | Killed Erolcha
  6821 | D:9      | Reached ***** piety under Okawaru
  6822 | D:9      | Reached skill level 1 in Polearms
  6958 | D:10     | Entered Level 10 of the Dungeon
  6958 | D:10     | Found a portal to a secret trove of treasure.
  7027 | D:10     | Reached XP level 11. HP: 60/60 MP: 19/19
  7130 | D:10     | Received a gift from Okawaru
  7185 | D:10     | Found a burning altar of Makhleb.
  7248 | D:10     | Found an opulent altar of Gozag.
  7294 | D:10     | Found a sacrificial altar of Ru.
  7585 | D:10     | Learned a level 3 spell: Fugue of the Fallen
  7647 | Lair:1   | Entered Level 1 of the Lair of Beasts
  7795 | Lair:1   | Reached ****** piety under Okawaru
  7877 | Lair:1   | Received a gift from Okawaru
  7878 | Lair:1   | Reached skill level 5 in Polearms
  7906 | Lair:2   | Identified the +1 sling "Hiowki Noapi" {flame, rElec rN+
                  | Dex+5}
  7970 | Lair:2   | Noticed a skyshark
  7991 | Lair:2   | Killed a skyshark
  8056 | Lair:2   | Found a frozen archway.
  8089 | IceCv    | Entered an ice cave
  8104 | IceCv    | Reached skill level 5 in Translocations
  8113 | IceCv    | Found a transporter.
  8165 | IceCv    | Noticed a white ugly thing
  8172 | IceCv    | Identified the ring "Hoiti" {*Corrode rF+ Str+6 Dex+3 SInv}
  8175 | IceCv    | Found a transporter.
  8349 | Lair:1   | Noticed Nergalle
  8370 | Lair:1   | Killed Nergalle
  8370 | Lair:1   | Received a gift from Okawaru
  8405 | Lair:1   | Reached XP level 12. HP: 63/66 MP: 20/22
  8654 | Lair:1   | Received a gift from Okawaru
  8722 | Lair:1   | Noticed Amaemon
  8760 | Lair:1   | Killed Amaemon
  8785 | Lair:1   | Identified the +0 scale mail of Foynyk {rF- Slay+5}
  8853 | Lair:1   | Noticed Fannar
  8960 | Lair:1   | Killed Fannar
  8961 | Lair:1   | Reached skill level 1 in Armour
  9688 | Lair:2   | Found a staircase to the Snake Pit.
  9698 | Lair:2   | Received a gift from Okawaru
  9738 | Lair:2   | Acquired a +6 vampiric quick blade
  9738 | Lair:2   | Received a gift from Okawaru
  9742 | Lair:2   | Acquired the +2 pair of boots "Four" {Fly Will+}
  9742 | Lair:2   | Received a gift from Okawaru
  9835 | Trove    | Entered a treasure trove
  9839 | Trove    | Identified the amulet of Suspicion {Faith Str+8 Int-2
                  | Dex+3}
  9841 | Trove    | Identified the ring "Xithurabb" {rC+ rN+ rCorr}
  9845 | Trove    | Identified the ring of Pieneona {Wiz rElec Str+4 Dex-3}
  9854 | Trove    | Identified the ring "Puaniz" {rElec EV+5 Str+4 Dex+3}
  9855 | Trove    | Identified the ring of Wothru Asexou {Wiz Str+3 Dex+3
                  | Slay+3}
 10342 | Lair:3   | Found a staircase to the Swamp.
 10489 | Lair:3   | Noticed a skyshark
 10563 | Lair:3   | Reached skill level 10 in Fighting
 10563 | Lair:3   | Reached XP level 13. HP: 72/72 MP: 25/25
 10576 | Lair:3   | Identified the +0 ring mail "Urud" {Rampage rF+}
 10655 | Lair:3   | Reached skill level 10 in Invocations
 10896 | Lair:3   | Noticed Prince Ribbit
 11164 | Lair:3   | Reached skill level 10 in Polearms
 11166 | Lair:3   | Killed Prince Ribbit
 11808 | Lair:4   | Noticed Urug
 11828 | Lair:4   | Killed Urug
 12173 | Lair:4   | Reached XP level 14. HP: 77/77 MP: 25/27
 12192 | Lair:4   | Reached skill level 1 in Shields
 12498 | Lair:5   | Entered Level 5 of the Lair of Beasts
 12542 | Lair:5   | Found a staircase to the Slime Pits.
 12544 | Lair:5   | Found a viscous altar of Jiyva.
 12665 | Lair:5   | Received a gift from Okawaru
 12748 | Lair:5   | Reached skill level 5 in Shields
 12776 | Lair:5   | Identified a scroll of acquirement
 12777 | Lair:5   | Acquired 498 gold pieces
 13107 | Lair:5   | Received a gift from Okawaru
 13499 | Lair:5   | Got the Elucidation of the Vanishing Scars
 13839 | D:11     | Received a gift from Okawaru
 14540 | D:11     | Identified the +1 sling of Kupo {drain, +Blink Int+2}
 14863 | D:12     | Found a staircase to the Orcish Mines.
 14920 | D:12     | Found a hide-covered altar of Uskayaw.
 15312 | D:13     | Noticed Sonja
 15323 | D:13     | Killed Sonja
 15356 | D:13     | Reached skill level 1 in Shapeshifting
 15437 | D:13     | Noticed Nessos
 15470 | D:13     | Killed Nessos
 15470 | D:13     | Received a gift from Okawaru
 15471 | D:13     | Reached XP level 15. HP: 52/80 MP: 28/28
 15620 | D:13     | Reached skill level 1 in Necromancy
 15691 | D:13     | Noticed Lodul
 15719 | D:13     | Killed Lodul
 15754 | D:13     | Noticed Azrael
 15803 | D:13     | Killed Azrael
 15815 | D:13     | Received a gift from Okawaru
 15924 | D:13     | Noticed Kirke
 16144 | D:13     | Killed Kirke
 16145 | D:13     | Reached skill level 10 in Shields
 16331 | D:13     | Found a gate to the Vaults.
 16411 | D:14     | Found a runed translucent door.
 16483 | D:14     | Reached skill level 5 in Dodging
 16827 | D:14     | Received a gift from Okawaru
 17410 | D:15     | Entered Level 15 of the Dungeon
 17574 | D:15     | Found a staircase to the Depths.
 17590 | D:15     | Received a gift from Okawaru
 17658 | D:15     | Noticed Josephine
 17713 | D:15     | Killed Josephine
 17851 | D:15     | Identified the +5 scale mail of Valour {+Inv Str+4 SInv}
 17896 | D:15     | Got the Meditations on Geology
 18487 | Orc:1    | Entered Level 1 of the Orcish Mines
 18602 | Orc:2    | Entered Level 2 of the Orcish Mines
 18607 | Orc:2    | Reached XP level 16. HP: 87/87 MP: 29/29
 18819 | Orc:2    | Reached skill level 5 in Necromancy
 18862 | Orc:2    | Received a gift from Okawaru
 18884 | Orc:2    | Reached skill level 5 in Shapeshifting
 18887 | Orc:2    | Found Kist's Weapon Emporium.
 18887 | Orc:2    | Found Kakuobb's Magic Scroll Shop.
 18889 | Orc:2    | Found Myem's Book Boutique.
 18891 | Orc:2    | Found Yptib's Jewellery Shoppe.
 18959 | Orc:2    | Found a staircase to the Elven Halls.
 19470 | Orc:2    | Bought a scroll of identify for 24 gold pieces
 19470 | Orc:2    | Bought a scroll of revelation for 90 gold pieces
 19470 | Orc:2    | Bought a scroll of teleportation for 36 gold pieces
 19470 | Orc:2    | Bought 2 scrolls of identify for 48 gold pieces
 19470 | Orc:2    | Bought a scroll of identify for 24 gold pieces
 19470 | Orc:2    | Bought a scroll of fear for 48 gold pieces
 19470 | Orc:2    | Bought a scroll of teleportation for 36 gold pieces
 19893 | Orc:2    | Learned a level 3 spell: Maxwell's Portable Piledriver
 20098 | Snake:1  | Entered Level 1 of the Snake Pit
 20348 | Snake:1  | Received a gift from Okawaru
 20896 | Snake:2  | Found Kaodoso's Weapon Shop.
 20896 | Snake:2  | Found Beingui's Book Boutique.
 21018 | Snake:2  | Noticed a nagaraja
 21026 | Snake:2  | Killed a nagaraja
 21093 | Snake:2  | Found a large runed translucent door.
 21093 | Snake:2  | Found a large runed translucent door.
 21095 | Snake:2  | Noticed Autsider's ghost (adept MiFi)
 21179 | Snake:2  | Received a gift from Okawaru
 21832 | Snake:3  | Noticed a nagaraja
 21909 | Snake:3  | Killed a nagaraja
 22104 | Snake:3  | Received a gift from Okawaru
 22133 | Snake:3  | Reached XP level 17. HP: 89/93 MP: 28/30
 23056 | Snake:4  | Entered Level 4 of the Snake Pit
 23306 | Snake:3  | Received a gift from Okawaru
 23597 | Snake:4  | Found Kiretsat's Antique Weapon Shop.
 23634 | Snake:4  | Received a gift from Okawaru
 24041 | Snake:4  | Received a gift from Okawaru
 24222 | Snake:4  | Reached XP level 18. HP: 99/99 MP: 31/31
 24472 | Snake:4  | HP: 2/99 [nagaraja/+0 whip (6)]
 24472 | Snake:4  | Constricted to death by a nagaraja

Illustrated notes

Levels and vault maps discovered:
D:1:      sevenhm_arrival_forest_fort_small_5, layout_loops_ring
D:2:      minmay_alternating_diamond, layout_basic
D:3:      layout_rooms, minmay_circle_x
D:4:      layout_rooms, lemuel_doored_altar, temple_statues,
          dilly_guarded_unrand_morg, uniq_eustachio
D:5:      layout_basic, mainiacjoe_overflow_alcove_1,
          nemelex_xobeh_ov_fountains_minmay, kennysheep_cluttered_room,
          hangedman_feature_mirror
D:6:      layout_loops_ring, lemuel_tele_altar,
          minmay_overflow_temple_star_quad, hangedman_abyss_or_decor_lesser_grid
D:7:      layout_basic, xom_confusion_cloud, tgw_sif, kennysheep_minor_cross,
          minmay_shop_damaged, grunt_ministairs_15, minivault_1
D:8:      gammafunk_cloud_chamber, layout_basic, uniq_psyche
D:9:      layout_roguey, nicolae_kikubaaqudgha_miasma_corner, erik_lair_island,
          uniq_erolcha, uniq_maggie
D:10:     layout_roguey, nicolae_ru_path_of_blood, nicolae_gozag_seed_capital,
          mainiacjoe_overflow_boulevard, enter_trove_2
D:11:     layout_stronghold
D:12:     layout_long_grid, hiddenorc1_lemuel, eat_drink_and_be_merry_uskayaw
D:13:     layout_roguey, grunt_vaults_entry_fortified, uniq_lodul, uniq_sonja,
          uniq_azrael, uniq_kirke, uniq_nessos
D:14:     layout_long_grid, minmay_misc_feat_nine_boxes,
          mainiacjoe_labyrinth_nostalgia
D:15:     grunt_enter_depths_magical_seal, layout_irregular_city,
          serial_bayou_pond_e, hangedman_abyss_or_decor_passed, uniq_josephine
Temple:   dpeg_three_leaves_temple
Lair:1:   kb_forest_paths, layout_regular_city, uniq_fannar, uniq_nergalle,
          uniq_amaemon
Lair:2:   layout_regular_city, guppyfry_snake_entry_island,
          portal_ice_cave_entry_imps, infiniplex_staircase_pool_2,
          grunt_megastairs_3
Lair:3:   layout_gridlike, skrybe_swamp_entry_bodies, serial_bayou_pond_d,
          bobbens_dragon_lair_wall, uniq_prince_ribbit2
Lair:4:   layout_hall_layers, serial_forest, infiniplex_forest_corner_1,
          infiniplex_forest_corner_2, infiniplex_forest_straight_5,
          infiniplex_forest_clump_medium, infiniplex_forest_pool,
          infiniplex_forest_lined_room_2, infiniplex_forest_straight_4,
          beast_lair_carwin_6, uniq_urug
Lair:5:   minmay_lair_end_frog_pond, layout_cave_pods,
          minmay_slime_entry_jelly_boxes
Snake:1:  layout_cave_shapes, grunt_megastairs_5
Snake:2:  layout_concentric_octagons, ebering_ghost_disaster_area,
          serial_bayou_shore_a, minmay_shoptagon
Snake:3:  nicolae_snake_attic_fulla_snakes, layout_layer_cave,
          nicolae_snake_the_dead_are_slithering
Snake:4:  johnstein_snake_rune_scales, layout_misc_corridors, serial_shops, shop
Orc:1:    layout_caves
Orc:2:    st_orc_rangers, layout_caves, roderic_batcave

Skill      XL: |  1  2  3  4  5  6  7  8  9 10 11 12 13 14 15 16 17 18 |
---------------+-------------------------------------------------------+-----
Fighting       | 2 3 4 5 6 8 9 10 11 12 | 12.9
Short Blades   | 2 3 4 5 6 7 |  7.4
Stealth        | 1 2 3 4 |  4.0
Spellcasting   | 3 4 5 6 7 8 |  8.0
Air Magic      | 2 4 |  4.0
Translocations | 4 5 6 |  6.0
Invocations    | 1 3 5 7 8 9 10 11 | 11.6
Polearms       | 3 6 8 12 | 12.0
Armour         | 2 4 |  4.0
Shields        | 9 10 11 12 | 12.3
Dodging        | 2 6 8 |  8.0
Shapeshifting  | 1 4 6 7 8 |  8.2
Necromancy     | 4 7 8 |  8.9
Throwing       | |  0.8

Action                     |  1- 3 |  4- 6 |  7- 9 | 10-12 | 13-15 | 16-18 || total
---------------------------+-------+-------+-------+-------+-------+-------++-------
  Melee: Short sword       |   131 |    96 |   226 |    93 |       |       ||   546
         Bite              |    37 |    21 |    59 |   231 |   504 |   451 ||  1303
         Lance             |       |       |       |   575 |  1276 |  1320 ||  3171
  Throw: Throwing net      |       |       |       |     3 |     1 |       ||     4
         Dart              |       |       |       |     2 |       |       ||     2
         Boomerang         |       |       |       |     1 |       |       ||     1
   Cast: Lesser Beckoning  |       |       |       |     1 |     1 |     8 ||    10
         Vhi's Electric Ch |       |       |       |       |       |     9 ||     9
         Maxwell's Portabl |       |       |       |       |       |     3 ||     3
         Fugue of the Fall |       |       |       |       |       |    13 ||    13
 Invoke: Receive Weapon    |       |       |       |     1 |       |       ||     1
         Receive Armour    |       |       |       |     1 |       |       ||     1
         Finesse           |       |       |       |       |       |     2 ||     2
         Heroism           |       |       |       |       |       |     1 ||     1
    Use: Scroll            |       |     5 |     7 |     6 |    12 |     6 ||    36
         Potion            |       |       |       |       |       |     4 ||     4
   Stab: Sleeping          |     2 |     1 |     4 |     5 |    17 |     6 ||    35
         Confused          |       |       |     1 |       |       |       ||     1
         Held in net/web   |       |       |       |     3 |     1 |       ||     4
         Distracted        |       |       |       |     3 |     5 |     2 ||    10
         Petrified         |       |       |       |       |    14 |       ||    14
         Petrifying        |       |       |       |       |     3 |       ||     3
 Armour: Leather armour    |    71 |    60 |   162 |    38 |       |       ||   331
         Troll leather arm |       |       |       |   268 |       |       ||   268
         Ring mail         |       |       |       |   193 |   372 |       ||   565
         Skin              |       |       |       |       |     6 |       ||     6
         Scale mail        |       |       |       |       |     3 |   565 ||   568
  Dodge: Dodged            |    73 |    58 |    98 |   221 |   403 |   510 ||  1363
  Block: Kite shield       |       |       |       |   199 |   471 |   418 ||  1088
         Tower shield      |       |       |       |       |       |   644 ||   644

Table legend: (Time is in decaauts)
 A = Elapsed time spent in this place.
 B = Non-inter-level travel time spent in this place.
 C = Inter-level travel time spent in this place.
 D = Time resting spent in this place.
 E = Time spent auto-exploring this place.
 F = Levels seen in this place.
 G = Mean time per level.
                   A        B        C        D        E       F      G
               +--------+--------+--------+--------+--------+-----+--------+
         Total |  23360 |  20781 |   2579 |   1334 |  12922 |  29 |  805.5 |
       Dungeon |  12419 |  10903 |   1516 |    676 |   7365 |  15 |  827.9 |
        Temple |     16 |      8 |      8 |      0 |      0 |   1 |   16.0 |
          Lair |   5762 |   5128 |    634 |    177 |   2969 |   5 | 1152.4 |
     Snake Pit |   3711 |   3454 |    257 |    391 |   1850 |   4 |  927.8 |
  Orcish Mines |   1270 |   1107 |    163 |     37 |    738 |   2 |  635.0 |
         Trove |     77 |     77 |      0 |      0 |      0 |   1 |   77.0 |
      Ice Cave |    102 |    102 |      0 |     51 |      0 |   1 |  102.0 |
               +--------+--------+--------+--------+--------+-----+--------+

Top non-repeatable levels by time:
  Lair:1: 1602 daAuts
 Snake:3: 1499 daAuts
     D:9: 1337 daAuts
     D:8: 1165 daAuts
  Lair:3: 1126 daAuts
  Lair:5: 1067 daAuts
  Lair:4: 1037 daAuts
    D:14: 1023 daAuts
    D:13: 938 daAuts
  Lair:2: 928 daAuts
   Orc:2: 914 daAuts
 Snake:4: 891 daAuts
     D:5: 844 daAuts
     D:6: 824 daAuts
    D:11: 823 daAuts
